TOP OF THE 1ST |
Louisiana Dragoons batting - Pitching for Yellowknife Dragonblood : RHP Guus Danen
|
Pitching: RHP Guus Danen
|
|
Batting: LHB António Muñóz
|
0-0: Called Strike 0-1: SOLO HOME RUN (Line Drive, 9D), Distance : 358 ft
|
Batting: SHB Hong-bo Zhui
|
0-0: Ball 1-0: Ground out 6-3 (Groundball, 6)
|
Batting: LHB Javier Seco
|
0-0: Called Strike 0-1: Called Strike 0-2: Ball 1-2: Foul Ball, location: 2F 1-2: Foul Ball, location: 2F 1-2: Strikes out swinging
|
Batting: LHB Riley Rowbery
|
0-0: Ball 1-0: Called Strike 1-1: Foul Ball, location: 2F 1-2: Ground out U3 (Groundball, 3)
|
Top of the 1st over - 1 run, 1 hit, 0 errors, 0 left on base; Louisiana 1 - Yellowknife 0 |
BOTTOM OF THE 1ST |
Yellowknife Dragonblood batting - Pitching for Louisiana Dragoons : RHP Ean Somoza
|
Pitching: RHP Ean Somoza
|
|
Batting: RHB Ricardo Mireles
|
0-0: Ball 1-0: Swinging Strike 1-1: Ball 2-1: Foul Ball, location: 2F 2-2: Ball 3-2: Fly out, F2 (Popup, 2LF)
|
Batting: RHB Andre Fezzik
|
0-0: Ball 1-0: Foul Ball, location: 2F 1-1: Ball 2-1: Swinging Strike 2-2: Ball 3-2: Fly out, F1 (Popup, P)
|
Batting: RHB Loring Rommel
|
0-0: Called Strike 0-1: Called Strike 0-2: Foul Ball, location: 2F 0-2: Strikes out swinging
|
Bottom of the 1st over - 0 runs, 0 hits, 0 errors, 0 left on base; Louisiana 1 - Yellowknife 0 |
TOP OF THE 2ND |
Louisiana Dragoons batting - Pitching for Yellowknife Dragonblood : RHP Guus Danen
|
Batting: RHB Jun-soo Yi
|
0-0: Ground out 6-3 (Groundball, 6)
|
Batting: RHB Edgar Wright
|
0-0: Ball 1-0: Foul Ball, location: 2F 1-1: Ball 2-1: Ground out 3-1 (Groundball, 34)
|
Batting: RHB Duane Davis
|
0-0: Called Strike 0-1: Foul Ball, location: 2F 0-2: Strikes out swinging
|
Top of the 2nd over - 0 runs, 0 hits, 0 errors, 0 left on base; Louisiana 1 - Yellowknife 0 |
BOTTOM OF THE 2ND |
Yellowknife Dragonblood batting - Pitching for Louisiana Dragoons : RHP Ean Somoza
|
Batting: SHB Bren Spillane
|
0-0: Fly out, F7 (Flyball, 78M)
|
Batting: SHB Jim Dunleavy
|
0-0: Ball 1-0: Ball 2-0: Called Strike 2-1: Ground out 4-3 (Groundball, 4)
|
Batting: RHB Seung-hwan Pak
|
0-0: Ground out 1-3 (Groundball, 13)
|
Bottom of the 2nd over - 0 runs, 0 hits, 0 errors, 0 left on base; Louisiana 1 - Yellowknife 0 |
TOP OF THE 3RD |
Louisiana Dragoons batting - Pitching for Yellowknife Dragonblood : RHP Guus Danen
|
Batting: RHB Roger Snodgrass
|
0-0: Called Strike 0-1: Ball 1-1: Called Strike 1-2: Strikes out swinging
|
Batting: SHB Hélio Capriati
|
0-0: Called Strike 0-1: Ball 1-1: Ground out 4-3 (Groundball, 4M)
|
Batting: LHB António Muñóz
|
0-0: Ball 1-0: Ball 2-0: Called Strike 2-1: Swinging Strike 2-2: Ball 3-2: Base on Balls
|
Batting: SHB Hong-bo Zhui
|
0-0: Called Strike 0-1: Ball 1-1: Ball 2-1: Ball 3-1: Swinging Strike 3-2: Ground out 4-3 (Groundball, 4M)
|
Top of the 3rd over - 0 runs, 0 hits, 0 errors, 1 left on base; Louisiana 1 - Yellowknife 0 |
BOTTOM OF THE 3RD |
Yellowknife Dragonblood batting - Pitching for Louisiana Dragoons : RHP Ean Somoza
|
Batting: SHB José García
|
0-0: Ground out 1-3 (Groundball, 15S)
|
Batting: RHB Tom Matthews
|
0-0: Ball 1-0: Foul Ball, location: 2F 1-1: Called Strike 1-2: Ground out 5-3 (Groundball, 56S)
|
Batting: RHB Jesús Amengual
|
0-0: Called Strike 0-1: Swinging Strike 0-2: Ball 1-2: Strikes out swinging
|
Bottom of the 3rd over - 0 runs, 0 hits, 0 errors, 0 left on base; Louisiana 1 - Yellowknife 0 |
TOP OF THE 4TH |
Louisiana Dragoons batting - Pitching for Yellowknife Dragonblood : RHP Guus Danen
|
Batting: LHB Javier Seco
|
0-0: Called Strike 0-1: Called Strike 0-2: Ball 1-2: SINGLE (Line Drive, 8LS)
|
Batting: LHB Riley Rowbery
|
0-0: Ball 1-0: SINGLE (Groundball, 4) (infield hit) Javier Seco to second
|
Batting: RHB Jun-soo Yi
|
0-0: Called Strike 0-1: Foul Ball, location: 2F 0-2: Ball 1-2: Foul Ball, location: 2F 1-2: Grounds into double play, 4-6-3 (Groundball, 34) Javier Seco to third
|
Batting: RHB Edgar Wright
|
0-0: Called Strike 0-1: Foul Ball, location: 2F 0-2: Ball 1-2: Foul Ball, location: 2F 1-2: Ball 2-2: Strikes out swinging
|
Top of the 4th over - 0 runs, 2 hits, 0 errors, 1 left on base; Louisiana 1 - Yellowknife 0 |
BOTTOM OF THE 4TH |
Yellowknife Dragonblood batting - Pitching for Louisiana Dragoons : RHP Ean Somoza
|
Batting: RHB Ricardo Mireles
|
0-0: Foul Ball, location: 2F 0-1: Ball 1-1: Foul Ball, location: 2F 1-2: Strikes out swinging
|
Batting: RHB Andre Fezzik
|
0-0: Ball 1-0: Ball 2-0: Foul Ball, location: 2F 2-1: Fly out, F8 (Flyball, 8RM)
|
Batting: RHB Loring Rommel
|
0-0: Hit by Pitch
|
Batting: SHB Bren Spillane
|
0-0: Ball 1-0: Called Strike 1-1: Called Strike 1-2: Foul Ball, location: 2F 1-2: Fly out, F9 (Flyball, 9S)
|
Bottom of the 4th over - 0 runs, 0 hits, 0 errors, 1 left on base; Louisiana 1 - Yellowknife 0 |
TOP OF THE 5TH |
Louisiana Dragoons batting - Pitching for Yellowknife Dragonblood : RHP Guus Danen
|
Batting: RHB Duane Davis
|
0-0: Foul Ball, location: 2F 0-1: Ground out U3 (Groundball, 34)
|
Batting: RHB Roger Snodgrass
|
0-0: Foul Ball, location: 2F 0-1: Foul Ball, location: 2F 0-2: Foul Ball, location: 2F 0-2: Ball 1-2: Ball 2-2: Ball 3-2: SINGLE (Groundball, 56D)
|
Batting: SHB Hélio Capriati
|
0-0: SINGLE (Line Drive, 6MD) Roger Snodgrass to second Runner from 2nd tries for 3rd, SAFE, throw made to third
|
Batting: LHB António Muñóz
|
0-0: Foul Ball, location: 2F 0-1: Fly out, F9 (Flyball, 9) Runner from 3rd tags up, SCORES, throw made
|
Batting: SHB Hong-bo Zhui
|
0-0: Called Strike 0-1: Ball 1-1: Swinging Strike 1-2: Strikes out looking
|
Top of the 5th over - 1 run, 2 hits, 0 errors, 1 left on base; Louisiana 2 - Yellowknife 0 |
BOTTOM OF THE 5TH |
Yellowknife Dragonblood batting - Pitching for Louisiana Dragoons : RHP Ean Somoza
|
Batting: SHB Jim Dunleavy
|
0-0: SINGLE (Line Drive, 34D)
|
Batting: RHB Seung-hwan Pak
|
0-0: Ball Wild Pitch! Jim Dunleavy to second 1-0: Ball 2-0: Called Strike 2-1: 2-RUN HOME RUN (Flyball, 7D), Distance : 365 ft
|
Batting: SHB José García
|
0-0: Fly out, F7 (Line Drive, 7S)
|
Batting: RHB Tom Matthews
|
0-0: Ball 1-0: Foul Ball, location: 2F 1-1: Swinging Strike 1-2: Strikes out swinging
|
Batting: RHB Jesús Amengual
|
0-0: Swinging Strike 0-1: Foul Ball, location: 2F 0-2: Foul Ball, location: 2F 0-2: Ball 1-2: Ball 2-2: Foul Ball, location: 2F 2-2: Foul Ball, location: 2F 2-2: Foul Ball, location: 2F 2-2: Fly out, F9 (Flyball, 89S)
|
Bottom of the 5th over - 2 runs, 2 hits, 0 errors, 0 left on base; Louisiana 2 - Yellowknife 2 |
TOP OF THE 6TH |
Louisiana Dragoons batting - Pitching for Yellowknife Dragonblood : RHP Guus Danen
|
Batting: LHB Javier Seco
|
0-0: Ball 1-0: Ball 2-0: Fly out, F7 (Flyball, 7LD)
|
Batting: LHB Riley Rowbery
|
0-0: Ball 1-0: Foul Ball, location: 2F 1-1: Called Strike 1-2: Ball 2-2: Ball 3-2: Foul Ball, location: 2F 3-2: Base on Balls
|
Batting: RHB Jun-soo Yi
|
0-0: Called Strike 0-1: Ball 1-1: Foul Ball, location: 2F 1-2: Ball 2-2: DOUBLE (Line Drive, 78M) Riley Rowbery to third Runner from 3rd tries for Home, SAFE, no throw
|
Batting: RHB Edgar Wright
|
0-0: Ball 1-0: Called Strike 1-1: Ball 2-1: Foul Ball, location: 2F 2-2: Foul Ball, location: 2F 2-2: Ball 3-2: Strikes out swinging
|
Batting: RHB Duane Davis
|
0-0: Swinging Strike 0-1: Ball 1-1: Ball 2-1: SINGLE (Groundball, 6D) Jun-soo Yi to third Runner from 3rd tries for Home, SAFE, no throw
|
Batting: RHB Roger Snodgrass
|
0-0: Foul Ball, location: 2F 0-1: Ball Pickoff Throw to First - Out!
|
Top of the 6th over - 2 runs, 2 hits, 0 errors, 0 left on base; Louisiana 4 - Yellowknife 2 |
BOTTOM OF THE 6TH |
Yellowknife Dragonblood batting - Pitching for Louisiana Dragoons : RHP Ean Somoza
|
Batting: RHB Ricardo Mireles
|
0-0: Swinging Strike 0-1: Called Strike 0-2: Ball 1-2: Ball 2-2: Fly out, F8 (Flyball, 8LS)
|
Batting: RHB Andre Fezzik
|
0-0: Ball 1-0: Swinging Strike 1-1: Ball 2-1: Ball 3-1: Called Strike 3-2: Strikes out swinging
|
Batting: RHB Loring Rommel
|
0-0: Called Strike 0-1: Ball 1-1: Foul Ball, location: 2F 1-2: Ball 2-2: Foul Ball, location: 2F 2-2: Foul Ball, location: 2F 2-2: Foul Ball, location: 2F 2-2: Ball 3-2: DOUBLE (Flyball, 9D)
|
Batting: SHB Bren Spillane
|
0-0: Called Strike 0-1: Ball 1-1: Ball 2-1: Called Strike 2-2: Strikes out swinging
|
Bottom of the 6th over - 0 runs, 1 hit, 0 errors, 1 left on base; Louisiana 4 - Yellowknife 2 |
TOP OF THE 7TH |
Louisiana Dragoons batting - Pitching for Yellowknife Dragonblood : RHP Guus Danen
|
Batting: RHB Roger Snodgrass
|
0-0: Swinging Strike 0-1: Swinging Strike 0-2: Strikes out looking
|
Pitching: RHP Tetsuzan Miyata
|
|
Batting: SHB Hélio Capriati
|
0-0: Called Strike 0-1: Ball 1-1: SINGLE (Line Drive, 56D)
|
Batting: LHB António Muñóz
|
0-0: Ball 1-0: Called Strike 1-1: Swinging Strike 1-2: SINGLE (Line Drive, 34D) Hélio Capriati to second
|
Batting: SHB Hong-bo Zhui
|
0-0: Ball 1-0: Called Strike 1-1: Called Strike Hélio Capriati steals 3rd base António Muñóz to second 1-2: Strikes out swinging
|
Batting: LHB Javier Seco
|
0-0: Ball 1-0: Fly out, F7 (Flyball, 78D)
|
Top of the 7th over - 0 runs, 2 hits, 0 errors, 2 left on base; Louisiana 4 - Yellowknife 2 |
BOTTOM OF THE 7TH |
Yellowknife Dragonblood batting - Pitching for Louisiana Dragoons : RHP Ean Somoza
|
Batting: SHB Jim Dunleavy
|
0-0: Called Strike 0-1: SINGLE (Groundball, 4MD)
|
Pitching: RHP Frank Lambright
|
|
Batting: RHB Seung-hwan Pak
|
0-0: Called Strike 0-1: Ball 1-1: Ball 2-1: Grounds into double play, 6-4-3 (Groundball, 6)
|
Batting: SHB José García
|
0-0: Swinging Strike 0-1: Called Strike 0-2: Ball 1-2: Ball 2-2: Strikes out looking
|
Bottom of the 7th over - 0 runs, 1 hit, 0 errors, 0 left on base; Louisiana 4 - Yellowknife 2 |
TOP OF THE 8TH |
Louisiana Dragoons batting - Pitching for Yellowknife Dragonblood : RHP Tetsuzan Miyata
|
Batting: LHB Riley Rowbery
|
0-0: Ball 1-0: Ball 2-0: Ground out 6-3 (Groundball, 6)
|
Batting: RHB Jun-soo Yi
|
0-0: Fly out, F4 (Popup, 4)
|
Batting: RHB Edgar Wright
|
0-0: Swinging Strike 0-1: Ball 1-1: Ball 2-1: Called Strike 2-2: Ball 3-2: Fly out, F3 (Popup, 3)
|
Top of the 8th over - 0 runs, 0 hits, 0 errors, 0 left on base; Louisiana 4 - Yellowknife 2 |
BOTTOM OF THE 8TH |
Yellowknife Dragonblood batting - Pitching for Louisiana Dragoons : RHP Frank Lambright
|
Batting: RHB Tom Matthews
|
0-0: Swinging Strike 0-1: SINGLE (Groundball, 56D)
|
Batting: RHB Jesús Amengual
|
0-0: Ball 1-0: Foul Ball, location: 2F 1-1: Ball 2-1: Foul Ball, location: 2F 2-2: Strikes out swinging
|
Batting: RHB Ricardo Mireles
|
0-0: Swinging Strike 0-1: Ball 1-1: Called Strike 1-2: Foul Ball, location: 2F 1-2: Ball 2-2: Ball 3-2: Foul Ball, location: 2F 3-2: TRIPLE (Flyball, 78XD) Tom Matthews scores
|
Pitching: RHP Millard Smith
|
|
Batting: RHB Andre Fezzik
|
0-0: Ball 1-0: Called Strike 1-1: Swinging Strike 1-2: Ball 2-2: Foul Ball, location: 2F 2-2: SINGLE (Line Drive, 4MD) Ricardo Mireles scores
|
Batting: RHB Loring Rommel
|
0-0: Called Strike Andre Fezzik steals 2nd base 0-1: Ground out 6-3 (Groundball, 6) Andre Fezzik to third
|
Batting: SHB Bren Spillane
|
0-0: Swinging Strike 0-1: Ball 1-1: Foul Ball, location: 2F 1-2: Strikes out swinging
|
Bottom of the 8th over - 2 runs, 3 hits, 0 errors, 1 left on base; Louisiana 4 - Yellowknife 4 |
TOP OF THE 9TH |
Louisiana Dragoons batting - Pitching for Yellowknife Dragonblood : RHP Tetsuzan Miyata
|
Pitching: LHP Ismael Riddles
|
|
Batting: RHB Duane Davis
|
0-0: Swinging Strike 0-1: Ball 1-1: Ball 2-1: Ground out 4-3 (Groundball, 4S)
|
Batting: RHB Roger Snodgrass
|
0-0: Ball 1-0: Foul Ball, location: 2F 1-1: SINGLE (Groundball, 56D)
|
Batting: SHB Hélio Capriati
|
0-0: Called Strike 0-1: Fly out, F6 (Line Drive, 4M)
|
Pinch Hitting: RHB Richello Oliva
|
0-0: Called Strike 0-1: Called Strike 0-2: Foul Ball, location: 2F 0-2: Fly out, F8 (Flyball, 8RD)
|
Top of the 9th over - 0 runs, 1 hit, 0 errors, 1 left on base; Louisiana 4 - Yellowknife 4 |
BOTTOM OF THE 9TH |
Yellowknife Dragonblood batting - Pitching for Louisiana Dragoons : RHP Millard Smith
|
Pitching: RHP Edmond McCord
|
|
Now in CF: Walt Trombly
|
|
Batting: SHB Jim Dunleavy
|
0-0: Ball 1-0: Called Strike 1-1: Swinging Strike 1-2: Ball 2-2: Foul Ball, location: 2F 2-2: Ground out U3 (Groundball, 3)
|
Batting: RHB Seung-hwan Pak
|
0-0: SINGLE (Flyball, 9LS)
|
Batting: SHB José García
|
0-0: Ball 1-0: Called Strike 1-1: Ball 2-1: Grounds into double play, 6-4-3 (Groundball, 6)
|
Bottom of the 9th over - 0 runs, 1 hit, 0 errors, 0 left on base; Louisiana 4 - Yellowknife 4 |
TOP OF THE 10TH |
Louisiana Dragoons batting - Pitching for Yellowknife Dragonblood : LHP Ismael Riddles
|
Batting: SHB Hong-bo Zhui
|
0-0: Ball 1-0: Ground out 4-3 (Groundball, 34)
|
Batting: LHB Javier Seco
|
0-0: Ball 1-0: Ball 2-0: Called Strike 2-1: DOUBLE (Flyball, 9D)
|
Batting: LHB Riley Rowbery
|
0-0: Called Strike 0-1: Swinging Strike 0-2: Strikes out looking
|
Batting: RHB Jun-soo Yi
|
0-0: Ground out 1-3 (Groundball, 13)
|
Top of the 10th over - 0 runs, 1 hit, 0 errors, 1 left on base; Louisiana 4 - Yellowknife 4 |
BOTTOM OF THE 10TH |
Yellowknife Dragonblood batting - Pitching for Louisiana Dragoons : RHP Edmond McCord
|
Pinch Hitting: RHB Andy Garnet
|
0-0: Called Strike 0-1: Foul Ball, location: 2F 0-2: Ball 1-2: Ball 2-2: Ball 3-2: SINGLE (Flyball, 8LS)
|
Pinch Hitting: SHB Lai-hsiang Loh
|
0-0: Swinging Strike 0-1: Foul Ball, location: 2F 0-2: Ball 1-2: Grounds into double play, 6-4-3 (Groundball, 6)
|
Batting: RHB Ricardo Mireles
|
0-0: Ball 1-0: Foul Ball, location: 2F 1-1: Foul Ball, location: 2F 1-2: Ball 2-2: Ball 3-2: Strikes out swinging
|
Bottom of the 10th over - 0 runs, 1 hit, 0 errors, 0 left on base; Louisiana 4 - Yellowknife 4 |
TOP OF THE 11TH |
Louisiana Dragoons batting - Pitching for Yellowknife Dragonblood : LHP Ismael Riddles
|
Pitching: RHP Shiki Yamamoto
|
|
Now at C: José Cruz
|
|
Now at 2B: Andy Garnet
|
|
Batting: RHB Edgar Wright
|
0-0: Ball 1-0: Fly out, F9 (Flyball, 9LM)
|
Pinch Hitting: SHB Brian Carr
|
0-0: Ball 1-0: Ground out U3 (Groundball, 34S)
|
Pinch Hitting: LHB Alec Hall
|
0-0: Ball 1-0: Called Strike 1-1: Swinging Strike 1-2: Strikes out looking
|
Top of the 11th over - 0 runs, 0 hits, 0 errors, 0 left on base; Louisiana 4 - Yellowknife 4 |
BOTTOM OF THE 11TH |
Yellowknife Dragonblood batting - Pitching for Louisiana Dragoons : RHP Edmond McCord
|
Pitching: RHP José Hernández
|
|
Now at 3B: Alec Hall
|
|
Now in LF: Toshikasu Otani
|
|
Batting: RHB Andre Fezzik
|
0-0: Called Strike 0-1: Swinging Strike 0-2: Ball 1-2: Strikes out swinging
|
Batting: RHB Loring Rommel
|
0-0: Called Strike 0-1: Fly out, F8 (Flyball, 8LS)
|
Batting: SHB Bren Spillane
|
0-0: Ball 1-0: Ball 2-0: SOLO HOME RUN (Flyball, 9D), Distance : 375 ft
|
 |
Friday, July 19th, 2019 - OOTP Baseball 20.5 Build 52
|
|